 Dungeon Crawl Stone Soup version 0.31-a0-441-g867994ef1c (webtiles) character file.

Game seed: 18300330243774040408

794 Dittersdorf the Shield-Bearer (level 7, 0/45 HPs)
             Began as a Gargoyle Fighter on Aug 2, 2023.
             Was an Initiate of Okawaru.
             Slain by a gnoll
             ... wielding a +0 halberd
             ... led by a gnoll bouda
              (9 damage)
             ... on level 4 of the Dungeon.
             The game lasted 00:05:22 (5297 turns).

Dittersdorf the Shield-Bearer (Gargoyle Fighter)    Turns: 5297, Time: 00:05:23

Health: 0/45       AC: 20    Str: 21    XL:     7   Next: 89%
Magic:  7/7        EV:  7    Int:  9    God:    Okawaru [......]
Gold:   259        SH:  8    Dex:  9    Spells: 6/6 levels left

rFire   . . .        a - +0 flail
rCold   . . .        w - +0 kite shield
rNeg    + . .        n - +0 chain mail
rPois   ∞            (no helmet)
rElec   +            (no cloak)
rCorr   .            f - +0 pair of gloves
SInv    .            (no boots)
Will    .....        (no amulet) Stlth
                     q - +4 ring of protection
HPRegen 0.27/turn    (no ring)
MPRegen 0.10/turn

%: no passive effects
@: no status effects
A: sickness immunity, AC +4, negative energy resistance 1, electricity
resistance, torment resistance 1, petrification resistance
a: Renounce Religion


You were on level 4 of the Dungeon.
You worshipped Okawaru.
Okawaru was noncommittal.
You visited 2 branches of the dungeon, and saw 6 of its levels.

You collected 259 gold pieces.

Inventory:

Hand Weapons
 a - a +0 flail (weapon)
 v - the +2 sling of Sukamp {flame, Dex+2}
   (You found it on level 4 of the Dungeon)

   Dex:       It affects your dexterity (+2).
Armour
 f - a +0 pair of gloves (worn)
 n - a +0 chain mail (worn)
 w - a +0 kite shield (worn)
Jewellery
 q - a +4 ring of protection (left hand)
Scrolls
 b - 2 scrolls of enchant weapon {unknown}
 h - 4 scrolls of fear
 i - a scroll of immolation {unknown}
 j - 4 scrolls of noise
 k - a scroll of enchant armour {unknown}
 o - a scroll of torment {unknown}
 p - a scroll of teleportation {unknown}
 r - a scroll of vulnerability {unknown}
Potions
 d - a potion of might
 e - a potion of haste
 g - a potion of cancellation
 l - 3 potions of curing
 s - 2 potions of resistance
 t - a potion of mutation


   Skills:
 + Level 5.7 Fighting
 + Level 4.6 Maces & Flails
 + Level 5.7 Armour
 + Level 5.7 Shields


You had 6 spell levels left.
You didn't know any spells.
Your spell library contained the following spells:

 Spells                   Type           Power      Damage    Failure   Level
 Kiss of Death            Conj/Necr      0%         2d5       99%         1
 Confusing Touch          Hex            0%         N/A       100%        3
 Portal Projectile        Hex/Tloc       0%         N/A       100%        3
 Dispel Undead            Necr           0%         3d6       100%        4
 Iskenderun's Mystic Bla  Conj/Tloc      0%         2d3       100%        4
 Orb of Destruction       Conj           0%         9d5       100%        7
 Summon Guardian Golem    Hex/Summ       Unusable   N/A       N/A         3
 Tukima's Dance           Hex            Unusable   N/A       N/A         3
 Spellforged Servitor     Conj/Summ      Unusable   N/A       N/A         7

Dungeon Overview and Level Annotations

Branches:
Dungeon (5/15)             Temple (1/1) D:5

Altars:
Ashenzari
Dithmenos
Fedhas
Gozag
Kikubaaqudgha
Makhleb
Okawaru
Trog
Uskayaw
Wu Jian
Xom
Yredelemnul
Zin
The Shining One

Annotations:
D:3 3 runed translucent doors, arthad's ghost, weakling GnWn


Innate Abilities, Weirdness & Mutations

You are immune to sickness and miasma.
Your stone body is resilient. (AC +4)
You are immune to poison.
You resist negative energy. (rN+)
You are resistant to electric shocks. (rElec)
You are resistant to unholy torment.
You are immune to petrification.


Message History

The gnoll bouda barely misses you.
The scorpion stings you but does no damage.
The gnoll hits you from afar with a +0 halberd!
You are too injured to fight recklessly!
You are too injured to fight recklessly!
You are too injured to fight recklessly!
You are too injured to fight recklessly!
You are too injured to fight recklessly!
You are too injured to fight recklessly!
You are too injured to fight recklessly!
You are too injured to fight recklessly!
You are too injured to fight recklessly!
You are too injured to fight recklessly!
You are too injured to fight recklessly!
You are too injured to fight recklessly!
You are too injured to fight recklessly!
The orc hits you but does no damage.
The gnoll bouda hits you but does no damage.
You block the gnoll's attack. You block the gnoll's attack.
The gnoll completely misses you. The orc completely misses you.
The gnoll bouda hits you but does no damage.
The gnoll hits you but does no damage. The gnoll hits you with a +0 halberd.
You block the orc's attack. The gnoll hits you but does no damage.
The gnoll hits you with a +0 halberd.
* * * LOW HITPOINT WARNING * * *
There is a stone staircase leading up here.
You can't go down here!
The scorpion stings you but does no damage.
You block the gnoll's attack. You block the orc's attack.
The gnoll barely misses you. The scorpion closely misses you.
You climb upwards.
There is a stone staircase leading down here.
The gnoll attacks as you move away! You block the gnoll's attack.
The gnoll hits you but does no damage. The gnoll hits you with a +0 halberd.
* * * LOW HITPOINT WARNING * * *
You block the scorpion's attack. The orc attacks as you move away!
You block the orc's attack.
The gnoll hits you from afar with a +0 halberd!
You die...

..[.###.#.....#
....###.#####.#
..........# #.#####
.#.......####.....#
............#.....#
.##########.#.....#
.# #.#.....# .#
#.......# ##
###...@.# # #...g.#
#..gos# #######


You could see a scorpion, 2 gnolls and an orc.

Vanquished Creatures
  An ice beast (D:5)
  A gnoll sergeant (D:4)
  A scorpion (D:5)
  A howler monkey (D:3)
  2 hounds (D:5)
  4 orc priests
  A gnoll bouda (D:4)
  An iguana (D:4)
  2 orc wizards
  4 adders
  12 gnolls
  A shadow imp (D:4)
  An ufetubus (D:4)
  A worm (D:5)
  2 dart slugs
  16 orcs
  5 bats
  4 endoplasms
  4 giant cockroaches
  7 goblins
  3 hobgoblins
  3 jackals (D:5)
  5 kobolds
  A quokka (D:4)
  6 ball pythons
  4 rats
93 creatures vanquished.

Notes
Turn   | Place    | Note
-------+----------+-------------------------------------------
     0 | D:1      | Dittersdorf the Gargoyle Fighter began the quest for the
                  | Orb.
     0 | D:1      | Reached XP level 1. HP: 14/14 MP: 1/1
   109 | D:1      | Reached XP level 2. HP: 19/19 MP: 2/2
   468 | D:1      | You fall into a shaft and drop 1 floor!
   699 | D:2      | Reached XP level 3. HP: 23/23 MP: 3/3
  1396 | D:2      | Reached XP level 4. HP: 29/29 MP: 4/4
  1464 | D:3      | Noticed arthad's ghost (weakling GnWn)
  1476 | D:3      | Found a shadowy altar of Dithmenos.
  1518 | D:3      | Found a runed translucent gate.
  1518 | D:3      | Found a runed translucent gate.
  1518 | D:3      | Found a runed translucent gate.
  2060 | D:3      | Found a bloodstained altar of Trog.
  2243 | D:4      | Reached XP level 5. HP: 32/33 MP: 5/5
  2314 | D:4      | Found a burning altar of Makhleb.
  2314 | D:4      | Noticed a cacodemon
  2533 | D:3      | Reached XP level 6. HP: 17/39 MP: 6/6
  2796 | D:4      | Identified the +2 sling of Sukamp {flame, Dex+2}
  3039 | D:5      | Entered Level 5 of the Dungeon
  3135 | D:4      | Reached skill level 5 in Fighting
  3135 | D:4      | Reached skill level 5 in Armour
  3187 | D:4      | Reached skill level 5 in Shields
  3228 | D:4      | Reached XP level 7. HP: 40/44 MP: 7/7
  5188 | D:5      | Found a staircase to the Ecumenical Temple.
  5197 | Temple   | Entered the Ecumenical Temple
  5219 | Temple   | Became a worshipper of Warmaster Okawaru
  5297 | D:4      | Slain by a gnoll

Illustrated notes

Levels and vault maps discovered:
D:1:      shiori_arrival_elements, layout_rooms, kennysheep_small_spiral,
          minmay_distorted
D:2:      wander_river, layout_loops_ring
D:3:      layout_loops_ring, lemuel_coloured_pillars_altar,
          amcnicky_altar_gilded, gammafunk_ghost_icy, dk_noncrumbling_3
D:4:      layout_rooms, makhleb_altar_promises_db
D:5:      layout_layer_cave, slow_altar_2, minmay_temple_entry_hall,
          lightli_minifort
Temple:   chequers_temple_sunken

Skill      XL: |  1  2  3  4  5  6  7 |
---------------+----------------------+-----
Armour         | 4 5 |  5.7
Fighting       | 4 5 |  5.7
Shields        | 4 5 |  5.7
Maces & Flails | 3 4 |  4.6

Action                     |  1- 3 |  4- 6 |  7- 9 || total
---------------------------+-------+-------+-------++-------
  Melee: Flail             |   115 |   236 |   136 ||   487
    Use: Scroll            |       |     7 |     1 ||     8
 Armour: Scale mail        |    45 |       |       ||    45
         Chain mail        |    46 |   231 |   163 ||   440
  Dodge: Dodged            |    58 |   108 |    74 ||   240
  Block: Buckler           |    31 |    59 |       ||    90
         Kite shield       |       |     4 |    98 ||   102

Table legend: (Time is in decaauts)
 A = Elapsed time spent in this place.
 B = Non-inter-level travel time spent in this place.
 C = Inter-level travel time spent in this place.
 D = Time resting spent in this place.
 E = Time spent auto-exploring this place.
 F = Levels seen in this place.
 G = Mean time per level.
                   A        B        C        D        E       F      G
               +--------+--------+--------+--------+--------+-----+--------+
         Total |   5490 |   5273 |    217 |   1894 |   2196 |   6 |  915.0 |
       Dungeon |   5443 |   5270 |    173 |   1894 |   2196 |   5 | 1088.6 |
        Temple |     47 |      3 |     44 |      0 |      0 |   1 |   47.0 |
               +--------+--------+--------+--------+--------+-----+--------+

Top non-repeatable levels by time:
     D:5: 2080 daAuts
     D:3: 1075 daAuts
     D:2: 891 daAuts
     D:4: 822 daAuts
     D:1: 574 daAuts
  Temple: 47 daAuts
